 Dungeon Crawl Stone Soup version 0.31-a0-188-g5e087ee2ca (webtiles) character file.

Game seed: 11605053544661626010

386 qw the Skirmisher (level 6, 0/36 HPs)
             Began as a Deep Elf Hunter on June 23, 2023.
             Slain by an ufetubus (2 damage)
             ... on level 4 of the Dungeon.
             The game lasted 00:00:49 (2235 turns).

qw the Skirmisher (Deep Elf Hunter)                 Turns: 2235, Time: 00:00:50

Health: 0/36       AC:  5    Str: 10    XL:     6   Next: 48%
Magic:  8/8        EV: 10    Int: 14    God:
Gold:   208        SH:  0    Dex: 18    Spells: 5/5 levels left

rFire   . . .        Y - +0 shortbow
rCold   . . .        (shield currently unavailable)
rNeg    . . .        c - +0 leather armour
rPois   .            (no helmet)
rElec   .            f - +0 cloak
rCorr   .            (no gloves)
SInv    .            j - +0 pair of boots
Will    .....        (no amulet)
Stlth   ++           (no ring)
HPRegen 0.26/turn    (no ring)
MPRegen 0.11/turn

%: no passive effects
@: constricted
A: no striking features
a: no special abilities


You were on level 4 of the Dungeon.
You visited 1 branch of the dungeon, and saw 4 of its levels.

You collected 208 gold pieces.


   Skills:
 - Level 2.5 Fighting
 + Level 9.3 Ranged Weapons
 - Level 3.5 Dodging
 - Level 1.2 Stealth


You had 5 spell levels left.
You didn't know any spells.
Your spell library was empty.

Inventory:

Hand Weapons
 Y - a +0 shortbow (weapon)
Armour
 c - a +0 leather armour (worn)
 f - a +0 cloak (worn)
 j - a +0 pair of boots (worn)
Scrolls
 a - 2 scrolls of identify
 b - a scroll of amnesia {unknown}
Potions
 e - a potion of enlightenment {unknown}
 g - 2 potions of curing
 i - a potion of mutation

Dungeon Overview and Level Annotations

Branches:
Dungeon (4/15)
 Temple: D:4-7

Altars:

Shops:
D:3 (


Message History

The shadow imp misses you.
The gnoll hits you from afar with a +0 halberd!
The gnoll barely misses you.
You shoot an arrow. The arrow hits the shadow imp!
You kill the shadow imp!
The gnoll hits you with a +0 flail.
The gnoll hits you from afar with a +0 halberd.
You shoot an arrow. The arrow hits the gnoll!
The gnoll is heavily wounded.
The ball python barely misses you. The ball python closely misses you.
The gnoll closely misses you. The gnoll hits you with a +0 flail.
You shoot an arrow. The arrow barely misses the gnoll.
The ball python bites you but does no damage.
The ball python barely misses you. The gnoll barely misses you.
The gnoll hits you from afar with a +0 halberd!
The ball python barely misses you. x2
You shoot an arrow. The arrow hits the gnoll.
The gnoll is almost dead.
The ufetubus misses you. The ufetubus barely misses you.
The gnoll closely misses you. The gnoll misses you. The ball python misses you.
The ball python barely misses you.
You shoot an arrow.
The arrow hits the gnoll but does no damage.
The gnoll is almost dead.
The ufetubus hits you but does no damage.
The ufetubus barely misses you. The gnoll closely misses you.
The gnoll barely misses you. x2; The ufetubus closely misses you.
The ufetubus misses you. The ball python barely misses you.
The ball python misses you.
You shoot an arrow. The arrow hits the gnoll.
The gnoll is almost dead.
The ufetubus closely misses you. The ufetubus misses you.
The gnoll closely misses you. The ball python misses you.
The ball python grabs you. The ball python constricts you.
The gnoll barely misses you.
The gnoll hits you from afar with a +0 halberd.
You shoot an arrow. The arrow hits the ball python.
The ball python is severely wounded.
The ufetubus hits you.
You die...

..#.....# #...#.#.###.####
..#.....# #..##.#.#......#
#.#.....###..#..#.#.....(#
#........##.....#.#......#
.........................#
#.................#......#
#.................#......#
##...........<.5.%#......#
#..............S@g########
#..............g).#
#...............g.#
..............>..##
.........##......#
.....#..###:.#....
........# #.##....
........# #. #.#..
....##...


You could see 3 gnolls, an ufetubus and a ball python.

Vanquished Creatures
  An ogre (D:4)
  A bullfrog (D:4)
  A scorpion (D:3)
  A hound (D:3)
  An orc priest (D:2)
  3 adders
  3 gnolls (D:3)
  A shadow imp (D:4)
  2 worms
  A dart slug (D:1)
  4 orcs (D:2)
  6 endoplasms
  A giant cockroach (D:4)
  5 goblins (D:1)
  3 hobgoblins
  5 ball pythons
  A bat (D:3)
  2 frilled lizards (D:2)
  4 kobolds
  6 rats
52 creatures vanquished.

Notes
Turn   | Place    | Note
-------+----------+-------------------------------------------
     0 | D:1      | qw the Deep Elf Hunter began the quest for the Orb.
     0 | D:1      | Reached XP level 1. HP: 12/12 MP: 3/3
     0 | D:1      | 0 ||| qw: Version: 0.3-a-9-g12657ce
     0 | D:1      | 0 ||| qw: Game counter: 4086
     0 | D:1      | 0 ||| qw: Always use a shield: true
     0 | D:1      | 0 ||| qw: God list: Okawaru
     0 | D:1      | 0 ||| qw: Allow faded altars: false
     0 | D:1      | 0 ||| qw: Do Orc after D:15 true
     0 | D:1      | 0 ||| qw: Do second Lair branch before Depths: true
     0 | D:1      | 0 ||| qw: Lair rune preference: random
     0 | D:1      | 0 ||| qw: Plans: Normal
     0 | D:1      | 0 ||| PLANNING D:1-11
   261 | D:1      | Reached skill level 6 in Ranged Weapons
   261 | D:1      | Reached XP level 2. HP: 16/16 MP: 4/4
   851 | D:1      | 851 ||| UPGRADING to +0 cloak.
   856 | D:1      | 856 ||| UPGRADING to +0 pair of boots.
   861 | D:1      | 861 ||| READING scroll labelled PUOLAI DEISCH.
   862 | D:1      | 862 ||| READING scroll labelled GURHIPSOYSO.
   863 | D:1      | 863 ||| READING scroll labelled DIROM TASTON.
   864 | D:1      | 864 ||| DROPPING scroll of butterflies.
   918 | D:2      | Reached skill level 7 in Ranged Weapons
   918 | D:2      | Reached XP level 3. HP: 20/20 MP: 5/5
  1190 | D:2      | Reached XP level 4. HP: 25/25 MP: 6/6
  1406 | D:2      | 1406 ||| READING scroll labelled EDAIT COLUASHRI.
  1407 | D:2      | 1407 ||| DRINKING 3 grey potions.
  1408 | D:2      | 1408 ||| READING 2 scrolls of identify.
  1408 | D:2      | 1408 ||| IDENTIFYING lumpy pink potion
  1450 | D:3      | Found Ytzit's Weapon Shop.
  1585 | D:3      | Reached skill level 8 in Ranged Weapons
  1775 | D:3      | Found a faded altar of an unknown god.
  1962 | D:3      | 1962 ||| READING scroll labelled RAOJEI LUEMI.
  1963 | D:3      | 1963 ||| READING 2 scrolls of identify.
  1963 | D:3      | 1963 ||| IDENTIFYING murky orange potion
  1964 | D:3      | 1964 ||| DROPPING potion of lignification.
  1980 | D:4      | 1980 ||| STAIRDANCE
  1987 | D:3      | Reached XP level 5. HP: 23/29 MP: 7/7
  2011 | D:4      | 2011 ||| STAIRDANCE
  2043 | D:4      | 2043 ||| STAIRDANCE
  2051 | D:3      | Reached skill level 9 in Ranged Weapons
  2160 | D:4      | Reached skill level 3 in Dodging
  2160 | D:4      | Reached XP level 6. HP: 31/34 MP: 8/8
  2231 | D:4      | HP: 4/36 [gnoll/+0 halberd (11)]
  2235 | D:4      | Slain by an ufetubus

Levels and vault maps discovered:
D:1:      minmay_arrival_solitary_statue, layout_basic
D:2:      layout_rooms, serial_corexii_hall, chequers_hall_statues_y,
          corexii_hall_statues_deadend, corexii_hall_statues_i,
          corexii_hall_statues_l
D:3:      layout_rooms, serial_shops, shop, shapermc_ecumenical_altar_acropolis
D:4:      layout_rooms, guppyfry_early_lair_pool

Skill      XL: |  1  2  3  4  5  6 |
---------------+-------------------+-----
Ranged Weapons | 6 7 8 9 |  9.3
Dodging        | 3 |  3.5
Fighting       | 2 |  2.5
Stealth        | |  1.2

Action                     |  1- 3 |  4- 6 || total
---------------------------+-------+-------++-------
   Fire: Shortbow          |    72 |   113 ||   185
    Use: Scroll            |     3 |     4 ||     7
         Potion            |       |     1 ||     1
 Armour: Leather armour    |     3 |    19 ||    22
  Dodge: Dodged            |     1 |    82 ||    83

Table legend:
 A = Non-vault XP
 B = Vault XP
 C = Vault XP percentage of total XP
 D = Non-vault monster count
 E = Vault monster count
 F = Vault count percentage of total count
                 A         B        C        D         E       F
            +---------+---------+-------+---------+---------+-------
      Total |     552 |       0 |   0.0 |      52 |       0 |   0.0
            +---------+---------+-------+---------+---------+-------
        D:1 |      25 |       0 |   0.0 |      15 |       0 |   0.0
        D:2 |      99 |       0 |   0.0 |      17 |       0 |   0.0
        D:3 |     202 |       0 |   0.0 |      14 |       0 |   0.0
        D:4 |     226 |       0 |   0.0 |       6 |       0 |   0.0
            +---------+---------+-------+---------+---------+-------
